 Dungeon Crawl Stone Soup version 0.30.0-5-g1a98f26d00 (webtiles) character file.

Game seed: 10665014243482151803

53658 freelancePsychic the Warrior (level 14, 0/137 HPs)
             Began as a Minotaur Monk on May 12, 2023.
             Was a High Priest of Nemelex Xobeh.
             Slain by a polar bear (21 damage)
             ... on level 5 of the Lair of Beasts.
             The game lasted 00:21:49 (13506 turns).

freelancePsychic the Warrior (Minotaur Monk)       Turns: 13506, Time: 00:21:50

Health: 0/137      AC: 22    Str: 18    XL:     14   Next: 31%
Magic:  22/22      EV: 15    Int:  9    God:    Nemelex Xobeh [*****.]
Gold:   838        SH: 18    Dex: 16    Spells: 13/13 levels left

rFire   + + .        a - +2 dagger (venom)
rCold   . . .        V - +2 tower shield {rF+}
rNeg    . . .        m - +6 ring mail of Delightful Salvation {Slay+3}
rPois   .            (helmet restricted)
rElec   +            l - +2 cloak
rCorr   .            n - +0 pair of gloves
SInv    .            N - +2 pair of boots
Will    +....        (no amulet)
Stlth   +            R - +4 ring of protection
HPRegen 0.42/turn    s - ring "Diashresi" {rElec rF+ Int+2}
MPRegen 0.18/turn

%: no passive effects
@: no status effects
A: horns 2, retaliatory headbutt
a: Renounce Religion, Draw Escape, Draw Destruction, Draw Summoning, Triple
Draw, Deal Four, Stack Five


You were on level 5 of the Lair of Beasts.
You worshipped Nemelex Xobeh.
Nemelex Xobeh was extremely pleased with you.
You visited 2 branches of the dungeon, and saw 16 of its levels.
You also visited: Sewer and Volcano.

You collected 1078 gold pieces.
You spent 240 gold pieces at shops.

Inventory:

Hand Weapons
 a - a +2 dagger of venom (weapon)
 A - a +0 scimitar
 B - a +0 great sword
Missiles
 E - 8 boomerangs (quivered)
 J - 6 silver javelins
 L - 8 poisoned darts
 O - 6 atropa-tipped darts
Armour
 d - an orb of light
 l - a +2 cloak (worn)
 m - the +6 ring mail of Delightful Salvation (worn) {Slay+3}
   (You found it on level 2 of the Dungeon)

   Slay:      It affects your accuracy & damage with ranged weapons and melee
   (+3).
 n - a +0 pair of gloves (worn)
 N - a +2 pair of boots (worn)
 V - a +2 tower shield of fire resistance (worn)
Jewellery
 s - the ring "Diashresi" (right hand) {rElec rF+ Int+2}
   (You found it on level 3 of the Lair of Beasts)

   [ring of protection from fire]

   Int:       It affects your intelligence (+2).
   rF:        It protects you from fire.
   rElec:     It insulates you from electricity.
 F - a +4 ring of protection
 P - a ring of positive energy
 Q - a ring of see invisible
 R - a +4 ring of protection (left hand)
Wands
 w - a wand of flame (33)
 x - a wand of paralysis (17)
 I - a wand of light (21)
 M - a wand of roots (10)
Scrolls
 g - a scroll of blinking
 i - 3 scrolls of enchant weapon
 k - 5 scrolls of fear
 o - 2 scrolls of butterflies
 q - 6 scrolls of noise
 r - 4 scrolls of vulnerability
 t - 4 scrolls of poison
 y - 8 scrolls of teleportation {@r4}
 C - a scroll of magic mapping
 G - a scroll of immolation
 H - 2 scrolls of enchant armour
 T - a scroll of fog
 U - a scroll of amnesia
Potions
 b - 2 potions of magic
 c - 2 potions of ambrosia
 e - 4 potions of cancellation
 f - 10 potions of curing {@q1}
 h - 7 potions of brilliance {unknown}
 j - 2 potions of attraction {unknown}
 p - 4 potions of lignification
 u - 7 potions of might {unknown}
 z - 5 potions of haste {@q3}
 D - 7 potions of flight
 K - 2 potions of heal wounds {unknown}
 S - 2 potions of mutation {unknown}
 W - a potion of invisibility {unknown}
Miscellaneous
 v - a condenser vane


   Skills:
 + Level 16.1 Fighting
 - Level 14.0 Long Blades
 - Level 13.5 Dodging
 * Level 9.4 Shields
 + Level 12.0 Invocations


You had 13 spell levels left.
You didn't know any spells.
Your spell library contained the following spells:

 Spells                   Type           Power      Damage    Failure   Level
 Cigotuvi's Dreadful Rot  Necr/Pois/Air  0%         N/A       99%         2
 Ensorcelled Hibernation  Hex/Ice        0%         N/A       99%         2
 Passwall                 Tmut/Erth      0%         N/A       99%         2
 Static Discharge         Conj/Air       0%         2-2/arc   99%         2
 Sublimation of Blood     Necr           0%         N/A       99%         2
 Ignite Poison            Fire/Tmut/Pois 0%         N/A       100%        3
 Inner Flame              Hex/Fire       0%         N/A       100%        3
 Ozocubu's Armour         Ice            0%         N/A       100%        3
 Swiftness                Air            0%         N/A       100%        3
 Airstrike                Air            0%         2d(0-16)  100%        4
 Flame Wave               Conj/Fire      0%         2d4       100%        4
 Petrify                  Tmut/Erth      0%         N/A       100%        4
 Sticky Flame             Conj/Fire      0%         2d3       100%        4
 Summon Lightning Spire   Summ/Air       0%         N/A       100%        4
 Freezing Cloud           Conj/Ice/Air   0%         6-21      100%        5
 Irradiate                Conj/Tmut      0%         3d11      100%        5
 Ozocubu's Refrigeration  Ice            0%         4d7       100%        7


Dungeon Overview and Level Annotations

Branches:
Dungeon (11/15)              Lair (5/5) D:11         Shoals (0/4) Lair:3
 Spider (0/4) Lair:2        Slime (0/5) Lair:5        Sewer (visited)
Volcano (visited)
 Temple: D:4-7          Orc: D:9-12

Altars:
Elyvilon
Fedhas
Nemelex Xobeh
Qazlal
Jiyva

Shops:
D:2 =   D:5 !

Annotations:
D:11 3 runed translucent doors, domi's ghost, journeyman VSFi


Innate Abilities, Weirdness & Mutations

You have a pair of horns on your head.
You reflexively headbutt those who attack you in melee.


Message History

The polar bear is severely wounded.
You block the polar bear's attack.
The polar bear claws you but does no damage.
You block the polar bear's attack.
The black bear bites you but does no damage.
The black bear claws you. You block the black bear's attack.
You hit the polar bear.
The polar bear looks as sick as possible!
You headbutt the polar bear, but do no damage.
The polar bear is severely wounded.
You block the polar bear's attack. The polar bear barely misses you.
You block the polar bear's attack. The black bear misses you.
You furiously retaliate!
You headbutt the black bear.
The black bear claws you but does no damage. x2
The polar bear barely misses you. You furiously retaliate!
You headbutt the polar bear. The polar bear barely misses you.
The polar bear claws you but does no damage.
You closely miss the polar bear. Your headbutt misses the polar bear.
The polar bear is almost dead.
The black bear bites you but does no damage.
You block the black bear's attack. x2; The polar bear bites you!
* * * LOW HITPOINT WARNING * * *
You block the polar bear's attack.
The polar bear claws you but does no damage.
You draw a card...
You have drawn the Cloud.
Clouds appear around you! The polar bear bites you!
* * * LOW HITPOINT WARNING * * *
You block the polar bear's attack. x2
The black bear bites you but does no damage.
The black bear claws you but does no damage.
You block the black bear's attack.
You draw a card...
You have drawn the Tomb.
Walls emerge from the floor!
The polar bear misses you. You block the polar bear's attack.
The polar bear claws you.
* * * LOW HITPOINT WARNING * * *
You block the black bear's attack.
The black bear claws you but does no damage.
You block the black bear's attack. The polar bear bites you!!
You die...
Your body glows with a rainbow of weird colours and disappears.

***#...... *#..... ******
*#.... *,,,,** #####* ####....
*,,,,,*##..#P#*########...#...
**,,,**#(...#.##.#.#.#††...#..
**,,,###..§§#.#............#.
***,.....§h##.....[.#...####
*,,,**§,,§#@#†.#...#.#### #
***,,*#."hh##†.#######** #
**....###*#..#*,*,**,****#
**,..,,* *.....*,*,,,,*,*#
*,,,,,** ###..†.,,,,,,,,,*
*,,,,,,** ##.....,,,,,,,*
**,,,,,,* *##.#.,,*,*,,*
**,,,,,** *##*,*****,,
*,*,*,** **** ********,*


You could see a polar bear (berserk, extremely poisoned) and 2 black bears.

Vanquished Creatures
  2 entropy weavers (Lair:3)
  An ogre mage (Volcano)
  A hydra (Lair:5)
  Harold (Lair:1)
  A catoblepas (Lair:3)
  4 ghost crabs (Lair:3)
  9 two-headed ogres
  Nergalle (D:10)
  2 skysharks
  6 fire crabs (Lair:3)
  A lindwurm (Lair:3)
  2 wolf spiders (Lair:5)
  3 elephants (Lair:5)
  A merfolk siren (Lair:3)
  7 black mambas
  An apocalypse crab (Lair:3)
  15 cane toads
  6 rime drakes
  A kobold demonologist (D:11)
  2 unseen horrors (Lair:5)
  3 komodo dragons
  4 polar bears (Lair:5)
  4 trolls
  A raiju (Lair:5)
  3 hornets
  4 blink frogs (Lair:4)
  A slime creature (D:9)
  Sigmund (D:3)
  A vampire (D:9)
  A shadow (D:10)
  2 wraiths
  10 wyverns
  A basilisk (Lair:3)
  33 yaks
  3 wargs (Lair:5)
  5 redbacks
  5 hell hounds (Lair:5)
  19 water moccasins
  6 ice beasts
  13 black bears
  An orc warrior (D:7)
  24 wolves
  5 centaurs
  An ogre (D:2)
  A phantom (D:7)
  A scorpion (D:5)
  13 bullfrogs
  A gnoll sergeant (D:8)
  7 wights
  6 killer bees (D:9)
  2 howler monkeys (D:9)
  The ghost of abessonov the Sneak, a weakling SpEn of Nemelex Xobeh (D:3)
  A hound (D:7)
  A jelly (D:3)
  8 orc priests
  2 sleepcaps
  5 iguanas
  7 orc wizards
  11 gnolls
  15 adders
  8 river rats
  2 shadow imps
  2 white imps
  6 worms
  2 dart slugs
  27 orcs
  3 endoplasms
  5 giant cockroaches
  4 hobgoblins
  7 jackals
  9 kobolds
  9 quokkas
  15 ball pythons
  10 bats
  9 frilled lizards
  5 goblins
  9 rats
432 creatures vanquished.

Vanquished Creatures (collateral kills)
  8 elephants (Lair:5)
  A komodo dragon (Lair:5)
  7 yaks (Lair:5)
  A water moccasin (Lair:5)
17 creatures vanquished.

Grand Total: 449 creatures vanquished

Notes
Turn   | Place    | Note
-------+----------+-------------------------------------------
     0 | D:1      | freelancePsychic the Minotaur Monk began the quest for the
                  | Orb.
     0 | D:1      | Reached XP level 1. HP: 19/19 MP: 0/0
   103 | D:1      | Reached XP level 2. HP: 27/27 MP: 1/1
   282 | D:1      | Reached skill level 4 in Fighting
   479 | D:2      | Identified the +6 ring mail of Delightful Salvation
                  | {Slay+3}
   483 | D:2      | Reached XP level 3. HP: 33/33 MP: 2/2
   554 | D:2      | Found Anuegynu's Jewellery Shop.
   635 | D:2      | Reached skill level 5 in Long Blades
   635 | D:2      | Reached XP level 4. HP: 41/41 MP: 3/3
   687 | D:2      | Noticed an ogre
   695 | D:2      | Killed an ogre
   696 | D:2      | Reached XP level 5. HP: 47/47 MP: 4/4
  1499 | D:3      | Noticed Sigmund
  1696 | D:3      | Reached skill level 5 in Fighting
  1784 | D:3      | Killed Sigmund
  1785 | D:3      | Reached XP level 6. HP: 56/56 MP: 5/5
  1817 | D:3      | Found a runed translucent door.
  1821 | D:3      | Noticed abessonov's ghost (weakling SpEn)
  1853 | D:3      | Reached skill level 5 in Dodging
  1868 | D:3      | Killed abessonov's ghost
  1878 | D:3      | Found a runed translucent door.
  2167 | D:4      | Reached XP level 7. HP: 62/62 MP: 6/6
  2329 | D:4      | Reached skill level 6 in Fighting
  2620 | D:5      | Entered Level 5 of the Dungeon
  2807 | D:5      | Reached XP level 8. HP: 40/71 MP: 7/7
  3222 | D:5      | Found Hoanosibb's Distillery.
  3234 | D:5      | You fall into a shaft and drop 3 floors!
  3262 | D:8      | Reached skill level 7 in Fighting
  3567 | D:6      | Reached skill level 10 in Long Blades
  3687 | D:6      | Found a glowing drain.
  3707 | Sewer    | Entered a sewer
  4576 | D:5      | Bought a potion of haste for 120 gold pieces
  4576 | D:5      | Bought a potion of haste for 120 gold pieces
  4594 | D:5      | Reached XP level 9. HP: 61/81 MP: 8/8
  4831 | D:7      | Reached skill level 8 in Fighting
  4841 | D:7      | Found a white marble altar of Elyvilon.
  5190 | D:7      | Found a sparkling altar of Nemelex Xobeh.
  5196 | D:7      | Became a worshipper of Nemelex Xobeh the Trickster
  5196 | D:7      | Reached * piety under Nemelex Xobeh
  5196 | D:7      | Received a gift from Nemelex Xobeh
  5196 | D:7      | Reached ** piety under Nemelex Xobeh
  5345 | D:8      | Reached skill level 1 in Invocations
  5453 | D:8      | Identified the +9 sling "Plog" {elec, +Blink MP+9 Dex-5}
  5486 | D:8      | Reached skill level 9 in Fighting
  5946 | D:9      | Noticed a two-headed ogre
  5958 | D:9      | Killed a two-headed ogre
  5959 | D:9      | Reached XP level 10. HP: 65/91 MP: 11/11
  6616 | D:10     | Entered Level 10 of the Dungeon
  6616 | D:10     | Reached *** piety under Nemelex Xobeh
  6629 | D:10     | Found a stormy altar of Qazlal.
  6631 | D:10     | Noticed a two-headed ogre
  6640 | D:10     | Killed a two-headed ogre
  6641 | D:10     | Reached skill level 10 in Fighting
  7050 | D:10     | Noticed Nergalle
  7070 | D:10     | Killed Nergalle
  7071 | D:10     | Reached skill level 5 in Invocations
  7071 | D:10     | Reached XP level 11. HP: 95/101 MP: 13/13
  7422 | D:11     | Found a runed translucent gate.
  7422 | D:11     | Found a runed translucent gate.
  7422 | D:11     | Found a runed translucent gate.
  7431 | D:11     | Noticed domi's ghost (journeyman VSFi)
  7473 | D:11     | Noticed a sixfirhy
  7525 | D:11     | Received a gift from Nemelex Xobeh
  7594 | D:11     | Noticed a two-headed ogre
  7604 | D:11     | Killed a two-headed ogre
  7605 | D:11     | Reached skill level 11 in Fighting
  7605 | D:11     | Reached skill level 10 in Dodging
  7630 | D:11     | Found a staircase to the Lair.
  7663 | Lair:1   | Entered Level 1 of the Lair of Beasts
  7663 | Lair:1   | Noticed Harold
  7702 | Lair:1   | Killed Harold
  8046 | Lair:2   | Received a gift from Nemelex Xobeh
  8076 | Lair:1   | Reached skill level 12 in Fighting
  8341 | Lair:2   | Found a hole to the Spider Nest.
  8350 | Lair:2   | Reached **** piety under Nemelex Xobeh
  8451 | Lair:2   | Reached XP level 12. HP: 47/113 MP: 16/16
  9224 | Lair:3   | Noticed a catoblepas
  9256 | Lair:3   | Killed a catoblepas
  9257 | Lair:3   | Reached skill level 13 in Fighting
  9370 | Lair:3   | Found a runed translucent door.
  9817 | Lair:3   | Noticed an entropy weaver
  9825 | Lair:3   | Noticed a ghost crab
  9828 | Lair:3   | Killed an entropy weaver
  9896 | Lair:3   | Noticed a ghost crab
  9905 | Lair:3   | Killed a ghost crab
  9913 | Lair:3   | Killed a ghost crab
  9921 | Lair:3   | Noticed a ghost crab
  9926 | Lair:3   | Noticed a ghost crab
  9928 | Lair:3   | Noticed an entropy weaver
  9937 | Lair:3   | an entropy weaver changed into a black bear
  9940 | Lair:3   | Killed a ghost crab
  9941 | Lair:3   | Reached skill level 14 in Fighting
  9947 | Lair:3   | Killed a ghost crab
  9950 | Lair:3   | Noticed an entropy weaver
  9959 | Lair:3   | Paralysed by you for 3 turns
  9964 | Lair:3   | Killed an entropy weaver
  9977 | Lair:3   | Identified the ring "Diashresi" {rElec rF+ Int+2}
 10179 | Lair:3   | Reached skill level 10 in Invocations
 10179 | Lair:3   | Reached XP level 13. HP: 105/124 MP: 19/19
 10239 | Lair:3   | Found a staircase to the Shoals.
 10284 | Lair:4   | Received a gift from Nemelex Xobeh
 10416 | Lair:4   | Received a gift from Nemelex Xobeh
 11019 | Lair:4   | Reached ***** piety under Nemelex Xobeh
 11043 | Lair:5   | Entered Level 5 of the Lair of Beasts
 11107 | Lair:5   | Found a dark tunnel.
 11137 | Volcano  | Entered a volcano
 11238 | Volcano  | Reached skill level 1 in Shields
 11469 | Volcano  | Reached skill level 15 in Fighting
 11669 | Volcano  | Received a gift from Nemelex Xobeh
 11819 | Lair:5   | Found a staircase to the Slime Pits.
 11819 | Lair:5   | Found a viscous altar of Jiyva.
 12140 | Lair:5   | Reached skill level 5 in Shields
 12718 | Lair:5   | Reached XP level 14. HP: 85/136 MP: 21/21
 12750 | Lair:5   | Found a blossoming altar of Fedhas.
 13356 | Lair:5   | Reached skill level 16 in Fighting
 13506 | Lair:5   | Slain by a polar bear

Illustrated notes

Levels and vault maps discovered:
D:1:      sevenhm_arrival_forest_fort_large_2, layout_loops_ring,
          dreamdust_mushroom_princess
D:2:      layout_basic, serial_shops, shop, feat_on_display
D:3:      layout_basic, nicolae_overflow_hidden_temple, ebering_ghost_sewer_f,
          uniq_sigmund
D:4:      layout_rooms
D:5:      layout_basic, nicolae_wooded_promenade
D:6:      layout_cave_pools, lemuel_temple_firewalk_b, portal_sewer_entry_a,
          serial_shops, nicolae_shop_mannequins, roderic_lattice_a
D:7:      layout_rooms, elyvilon_altar_3, mainiacjoe_overflow_alcove_4
D:8:      layout_basic
D:9:      layout_roguey, minmay_microvault
D:10:     layout_cave_pools, grunt_qazlal_clouds, st_stairs_12, uniq_nergalle
D:11:     layout_rooms, hellmonk_lair_entry_icy, biasface_ghost_orc_armoury
Lair:1:   layout_loops_ring, lemuel_fruit_fields, uniq_harold
Lair:2:   layout_chaotic_city, spider_nest_entry_webs, kennysheep_rathole,
          grunt_megastairs_4, uniq_urug
Lair:3:   gammafunk_mikee_crab_dinner, layout_long_grid,
          minmay_shoals_entry_lonely_mermaid, special_room [special_room_bee]
Lair:4:   layout_cave_pods, gammafunk_ghost_cemetery, grunt_megastairs_5
Lair:5:   hangedman_lair_caniforms_friends, layout_hall_layers,
          hangedman_lair_tendril_chambers, slime_entry_1, enter_volcano_1,
          basic_altar

Skill      XL: |  1  2  3  4  5  6  7  8  9 10 11 12 13 14 |
---------------+-------------------------------------------+-----
Long Blades    | 4 5 6 7 8 10 12 14 | 14.0
Fighting       | 4 5 6 7 9 10 12 14 15 16 | 16.1
Dodging        | 4 5 6 7 8 9 11 13 | 13.5
Invocations    | 3 5 7 10 11 12 | 12.0
Shields        | 7 9 |  9.4

Action                     |  1- 3 |  4- 6 |  7- 9 | 10-12 | 13-15 || total
---------------------------+-------+-------+-------+-------+-------++-------
  Melee: Falchion          |    23 |       |       |       |       ||    23
         Headbutt          |     9 |    12 |   105 |   234 |   173 ||   533
         Dagger            |    25 |    74 |   370 |   591 |   546 ||  1606
  Throw: Throwing net      |       |     1 |       |       |       ||     1
         Boomerang         |       |       |     5 |     5 |       ||    10
 Invoke: Draw Destruction  |       |       |       |    12 |    14 ||    26
         Draw Escape       |       |       |       |     5 |     7 ||    12
         Deal Four         |       |       |       |     1 |       ||     1
         Draw Summoning    |       |       |       |       |     2 ||     2
  Evoke: Condenser vane    |       |       |     1 |     1 |       ||     2
         Wand              |       |       |       |     5 |       ||     5
    Use: Scroll            |       |     4 |    11 |     6 |     3 ||    24
   Stab: Held in net/web   |       |     2 |       |       |       ||     2
         Invisible         |       |       |       |     8 |       ||     8
 Armour: Robe              |     5 |       |       |       |       ||     5
         Ring mail         |     4 |    41 |   117 |   233 |   214 ||   609
  Dodge: Dodged            |    35 |    42 |   204 |   396 |   323 ||  1000
  Block: Tower shield      |       |       |       |       |   472 ||   472
